 Dungeon Crawl Stone Soup version 0.29.1-15-g9cfb28693d (webtiles) character file.

Game seed: 18415504419641447895

284 H0rd4k the Charlatan (level 6, -10/41 HPs)
             Began as an Octopode Artificer on Mar 3, 2023.
             Mangled by an ogre
             ... wielding a +0 giant club
              (29 damage)
             ... on level 4 of the Dungeon.
             The game lasted 00:02:25 (3081 turns).

H0rd4k the Charlatan (Octopode Artificer)           Turns: 3081, Time: 00:02:26

Health: -10/41     AC:  1    Str: 11    XL:     6   Next: 29%
Magic:  9/9        EV: 13    Int: 16    God:
Gold:   105        SH:  0    Dex: 12    Spells: 6/10 levels left

rFire   . . .      SeeInvis .     - Unarmed
rCold   . . .      Faith    .   (no shield)
rNeg    . . .      Spirit   .   (helmet restricted)
rPois   .          Reflect  .   (no amulet)
rElec   .          Harm     .   j - ring of wizardry
rCorr   .          Rampage  .   (no ring)
Will    .....                   (no ring)
Stlth   +++.......              (no ring)
HPRegen 0.13/turn               (no ring)
MPRegen 0.11/turn               (no ring)
                                (no ring)
                                (no ring)

@: no status effects
A: almost no armour, amphibious, 8 rings, camouflage 1, gelatinous body 1,
(nimble swimmer 1), tentacles
a: no special abilities


You were on level 4 of the Dungeon.
You visited 1 branch of the dungeon, and saw 4 of its levels.

You collected 105 gold pieces.

Inventory:

Missiles
 l - 2 poisoned darts
Jewellery
 j - a ring of wizardry (left tentacle)
Wands
 b - a wand of flame (15) (quivered)
 c - a wand of charming (13)
 d - a wand of iceblast (8)
Scrolls
 e - 3 scrolls of poison {unknown}
 f - 3 scrolls of identify {unknown}
 g - a scroll of vulnerability {unknown}
 k - a scroll of magic mapping {unknown}
 m - 2 scrolls of summoning {unknown}
 n - a scroll of teleportation {unknown}
 o - a scroll of blinking {unknown}
 q - a scroll of brand weapon {unknown}
Potions
 a - 2 potions of heal wounds {unknown}
 h - 3 potions of curing {unknown}
 i - 2 potions of degeneration {unknown}
 p - a potion of berserk rage {unknown}


   Skills:
 + Level 2.5 Fighting
 - Level 2.3 Dodging
 - Level 1.3 Stealth
 + Level 3.1 Unarmed Combat
 * Level 2.5 Spellcasting
 * Level 1.7 Summonings
 * Level 1.9 Air Magic
 - Level 3.2 Evocations


You had 6 spell levels left.
You knew the following spells:

 Your Spells              Type           Power      Damage    Failure   Level
a - Summon Lightning Spi  Summ/Air       7%         N/A       34%         4

Your spell library contained the following spells:

 Spells                   Type           Power      Damage    Failure   Level
 Airstrike                Air            4%         2d(1-17)  32%         4
 Lightning Bolt           Conj/Air       2%         1d14      78%         5


Dungeon Overview and Level Annotations

Branches:
Dungeon (4/15)
 Temple: D:4-7

Altars:
Cheibriados
Fedhas


Innate Abilities, Weirdness & Mutations

You cannot wear most types of armour.
You are amphibious.
You can wear up to eight rings at the same time.
Your skin changes colour to match your surroundings (Stealth+).
Your rubbery body absorbs attacks. (AC +1, EV +1)
((You are camouflaged when in or above water. (Stealth+)))
You have tentacles for arms and can constrict up to eight enemies at once.


Message History

You are poisoned.
The scorpion poisons you!
You tentacle-slap the scorpion but do no damage.
The scorpion is almost dead.
You constrict the scorpion.
You kill the scorpion!
You feel very sick.
Your Unarmed Combat skill increases to level 3!
Unknown command.
You feel sick.
You feel sick.
You feel sick.
You feel sick.
You feel sick.
You feel sick.
You feel sick.
You are no longer poisoned.
There is a stone staircase leading up here.
The giant cockroach closely misses you.
You tentacle-slap the giant cockroach. You grab the giant cockroach.
The giant cockroach is severely wounded.
You constrict the giant cockroach.
You kill the giant cockroach!
Aiming: Iceblast
Press: ? - help, Shift-Dir - straight line, f - ogre
Aim: an ogre, wielding a +0 giant club (black smoke)
The mass of ice explodes!
The iceblast engulfs the ogre!
The ogre is heavily wounded.
Unknown command.
Aiming: Iceblast
Press: ? - help, Shift-Dir - straight line, f/p - ogre
Aim: an ogre, wielding a +0 giant club (heavily wounded)
The mass of ice explodes!
The iceblast engulfs the ogre.
The ogre is severely wounded.
Unknown command.
You tentacle-slap the ogre.
The ogre is severely wounded.
The ogre hits you with a +0 giant club!!
Ouch! That really hurt!
You die...

............# ...
............# ...
...........#####+##...
...........#........#
#.....##...#........#
##########...#........#
.............#§.......#
..............§.......#
.......@O..≈§§≈≈≈.≈≈..#
.##........§.§§....≈..#
#........≈.≈≈≈≈≈.§..#
#.........≈.≈...≈.≈..##
+........§§.≈._.≈.≈.##.
##.....#.§§.≈...≈.≈....
########.≈§.≈≈≈≈.§....
.≈......§≈....
§≈≈≈≈≈≈....


You could see an ogre.

Vanquished Creatures
  A scorpion (D:4)
  Jessica (D:3)
  Terence (D:3)
  4 adders
  A worm (D:2)
  2 dart slugs
  An orc (D:3)
  4 ball pythons
  3 bats
  5 endoplasms
  4 giant cockroaches
  3 goblins
  6 hobgoblins
  3 quokkas
  3 frilled lizards
  4 kobolds
  6 rats
52 creatures vanquished.

Vanquished Creatures (collateral kills)
  A scorpion (D:4)
  An iguana (D:4)
2 creatures vanquished.

Vanquished Creatures (others)
  A plant (D:2)
1 creature vanquished.

Grand Total: 55 creatures vanquished

Notes
Turn   | Place    | Note
-------+----------+-------------------------------------------
     0 | D:1      | H0rd4k the Octopode Artificer began the quest for the Orb.
     0 | D:1      | Reached XP level 1. HP: 13/13 MP: 1/1
   417 | D:1      | Reached XP level 2. HP: 14/18 MP: 3/3
   485 | D:1      | Reached skill level 1 in Spellcasting
  1315 | D:2      | Reached XP level 3. HP: 24/24 MP: 5/5
  1391 | D:2      | Found a faded altar of an unknown god.
  1558 | D:2      | Reached skill level 1 in Unarmed Combat
  1728 | D:2      | Reached XP level 4. HP: 20/29 MP: 6/6
  1762 | D:2      | Learned a level 4 spell: Summon Lightning Spire
  1844 | D:2      | Found a snail-covered altar of Cheibriados.
  2242 | D:3      | Noticed Terence
  2342 | D:3      | Killed Terence
  2343 | D:3      | Reached skill level 1 in Air Magic
  2585 | D:3      | Reached XP level 5. HP: 35/35 MP: 8/8
  2975 | D:3      | Noticed Jessica
  2983 | D:3      | Killed Jessica
  2984 | D:3      | Reached skill level 1 in Summonings
  3010 | D:4      | Found a blossoming altar of Fedhas.
  3062 | D:4      | Reached XP level 6. HP: 41/41 MP: 9/9
  3081 | D:4      | Mangled by an ogre

Illustrated notes

Levels and vault maps discovered:
D:1:      minmay_arrival_checkered_box, layout_loops_corners
D:2:      layout_basic, shapermc_ecumenical_altar_mp_ritualfount, basic_altar,
          serial_bayou_pond_d, nrook_loot_triangle
D:3:      layout_basic, uniq_terence, uniq_jessica
D:4:      layout_gridville, mainiacjoe_overflow_concentric_impassable,
          minmay_temple_entry_glassed_door

Skill      XL: |  1  2  3  4  5  6 |
---------------+-------------------+-----
Spellcasting   | 1 2 |  2.5
Fighting       | 2 |  2.5
Unarmed Combat | 1 2 3 |  3.1
Air Magic      | 1 |  1.9
Summonings     | 1 |  1.7
Dodging        | |  2.3
Stealth        | |  1.3
Evocations     | |  3.2

Action                   |  1- 3 |  4- 6 || total
-------------------------+-------+-------++-------
Melee: Unarmed           |    77 |    58 ||   135
       Constrict         |    22 |    16 ||    38
       Tentacles         |    26 |     8 ||    34
       Punch             |     4 |     4 ||     8
Evoke: Wand              |       |     7 ||     7
 Stab: Sleeping          |    15 |     1 ||    16
       Distracted        |       |     1 ||     1
Armor: Skin              |     4 |     3 ||     7
Dodge: Dodged            |    38 |    32 ||    70
